 Dungeon Crawl Stone Soup version 0.23.2-30-g0e89c35649 (webtiles) character file.

Game seed: 320434245910555310

205 diana the Cudgeler (level 5, -10/34 HPs)
             Began as a Gargoyle Berserker on June 8, 2019.
             Was a Priest of Trog.
             Mangled by a gnoll
             ... wielding a +0 halberd
              (13 damage)
             ... on level 4 of the Dungeon.
             The game lasted 00:02:39 (2309 turns).

diana the Cudgeler (Gargoyle Berserker)             Turns: 2309, Time: 00:02:39

Health: -10/34     AC:  9    Str: 21    XL:     5   Next: 83%
Magic:  5/5        EV: 11    Int:  8    God:    Trog [***...]
Gold:   141        SH:  0    Dex:  9    Spells: 4/4 levels left

rFire    . . .     SeeInvis .   a - +0 mace
rCold    . . .     Gourm    .   (no shield)
rNeg     + . .     Faith    .   f - +0 ring mail
rPois    ∞         Spirit   .   (no helmet)
rElec    +         Reflect  .   (no cloak)
rCorr    .         Harm     .   (no gloves)
MR       ++...                  (no boots)
Stlth    ..........             (no amulet)
HPRegen  1.11/turn              (no ring)
MPRegen  0.09/turn              (no ring)

@: berserk cooldown, regenerating, slowed, very slow
A: negative energy resistance 1, electricity resistance, unbreathing,
petrification resistance, rot immunity, AC +4
a: Berserk, Trog's Hand, Renounce Religion


You were on level 4 of the Dungeon.
You worshipped Trog.
Trog was most pleased with you.
You were not hungry.

You visited 1 branch of the dungeon, and saw 4 of its levels.

You collected 141 gold pieces.

Inventory:

Hand Weapons
 a - a +0 mace (weapon)
Armour
 b - a +0 animal skin
 f - a +0 ring mail (worn)
Scrolls
 h - 2 scrolls of fear {unknown}
 i - 3 scrolls of identify {unknown}
 k - 2 scrolls of remove curse {unknown}
 n - 2 scrolls of teleportation {unknown}
 p - 2 scrolls of enchant armour {unknown}
Potions
 d - 3 potions of curing {unknown}
 e - a potion of heal wounds {unknown}
 g - a potion of degeneration {unknown}
 j - a potion of might {unknown}
 l - 2 potions of agility {unknown}
 m - a potion of haste {unknown}
 o - a potion of ambrosia {unknown}
 q - a potion of invisibility {unknown}
Comestibles
 c - 6 rations


   Skills:
 + Level 4.3 Fighting
 * Level 4.8 Maces & Flails
 + Level 3.6 Armour
 - Level 2.0 Dodging


You had 4 spell levels left.
You didn't know any spells.
Your spell library was empty.

Dungeon Overview and Level Annotations

Branches:
Dungeon (4/15)
 Temple: D:4-7

Altars:
Nemelex Xobeh


Innate Abilities, Weirdness & Mutations

You are resistant to torment.
Your stone body is resilient. (AC +4)
You are immune to poison.
You resist negative energy. (rN+)
You are resistant to electric shocks. (rElec)
You can survive without breathing.
You are immune to petrification.
You are immune to rotting.


Message History

The gnoll hits you but does no damage. The gnoll completely misses you.
Your skin crawls.
You feel resistant to hostile enchantments.
You feel somewhat more hungry. The gnoll barely misses you. x2
The gnoll closely misses you.
You hit the gnoll but do no damage.
The gnoll hits you from afar with a +0 halberd!
* * * LOW HITPOINT WARNING * * *
The gnoll hits you but does no damage. The gnoll closely misses you.
The gnoll hits you.
* * * LOW HITPOINT WARNING * * *
You hit the gnoll.
The gnoll is moderately wounded.
The gnoll barely misses you. The gnoll hits you but does no damage.
You sock the gnoll!
The gnoll is almost dead.
The gnoll hits you but does no damage. x2; The gnoll hits you.
* * * LOW HITPOINT WARNING * * *
The gnoll hits you from afar with a +0 halberd!
You die...

#...# #...#
#...# #>..##
#....#
.#######...#
#..........#
######.)..#
#@##.# #g#
.# #g# .#
#.# .# ...
... ...
..#..


You could see 2 gnolls.

Vanquished Creatures
  7 gnolls
  4 adders (D:3)
  2 oozes (D:3)
  A worm (D:2)
  2 dart slugs
  2 leopard geckos (D:3)
  6 orcs
  A ball python (D:1)
  5 giant cockroaches
  5 goblins
  8 hobgoblins
  8 jackals
  7 kobolds
  10 bats
  4 frilled lizards
  A leopard gecko skeleton (D:4)
  5 rats
78 creatures vanquished.

Notes
Turn   | Place    | Note
-------+----------+-------------------------------------------
     0 | D:1      | diana the Gargoyle Berserker began the quest for the Orb.
     0 | D:1      | Reached XP level 1. HP: 14/14 MP: 1/1
    93 | D:1      | Reached XP level 2. HP: 14/19 MP: 2/2
   687 | D:1      | Reached XP level 3. HP: 18/23 MP: 3/3
   802 | D:1      | Reached ** piety under Trog
  1037 | D:2      | Found a sparkling altar of Nemelex Xobeh.
  1376 | D:3      | Reached XP level 4. HP: 22/29 MP: 4/4
  1702 | D:3      | Reached XP level 5. HP: 33/33 MP: 5/5
  2297 | D:4      | Reached *** piety under Trog
  2309 | D:4      | Mangled by a gnoll

Skill      XL: |  1  2  3  4 |
---------------+-------------+-----
Dodging        | 2 |  2.0
Maces & Flails | 4 |  4.8
Armour         | 3 |  3.6
Fighting       | 4 |  4.3

Action                   |  1- 3 |  4- 6 || total
-------------------------+-------+-------++-------
Melee: Mace              |   159 |   138 ||   297
Invok: Berserk           |       |     2 ||     2
       Trog's Hand       |       |     1 ||     1
  Eat: Chunk             |     1 |     4 ||     5
       Ration            |       |     1 ||     1
Armor: Animal skin       |    34 |       ||    34
       Ring mail         |    75 |    62 ||   137
Dodge: Dodged            |   141 |   102 ||   243
